 Dungeon Crawl Stone Soup version 0.30.1-4-g462c640d31 (webtiles) character file.

Game seed: 16320251031851711239

93 kingsuperguy the Caller (level 4, -16/31 HPs)
             Began as a Merfolk Summoner on Aug 26, 2023.
             Demolished by an ogre
             ... wielding a +0 giant club
              (21 damage)
             ... on level 3 of the Dungeon.
             The game lasted 00:18:01 (2311 turns).

kingsuperguy the Caller (Merfolk Summoner)          Turns: 2311, Time: 00:18:02

Health: -16/31     AC:  5    Str:  8    XL:     4   Next: 62%
Magic:  4/8        EV: 13    Int: 16    God:
Gold:   88         SH:  0    Dex: 14    Spells: 7/8 levels left

rFire   . . .        o - +0 spear
rCold   . . .        (no shield)
rNeg    . . .        a - +0 robe
rPois   .            h - +2 hat
rElec   .            (no cloak)
rCorr   .            (no gloves)
SInv    .            c - +0 pair of boots
Will    .....        (no amulet)
Stlth   ++           (no ring)
HPRegen 0.25/turn    (no ring)
MPRegen 0.11/turn

%: no passive effects
@: no status effects
A: (nimble swimmer 2), mertail
a: no special abilities


You were on level 3 of the Dungeon.
You visited 1 branch of the dungeon, and saw 3 of its levels.

You collected 88 gold pieces.

Inventory:

Hand Weapons
 o - a +0 spear (weapon)
Armour
 a - a +0 robe (worn)
 c - a +0 pair of boots (worn)
 h - a +2 hat (worn)
 n - a +2 helmet
 p - a +0 pair of boots
Jewellery
 f - an amulet of guardian spirit
Scrolls
 g - 3 scrolls of teleportation {unknown}
 i - a scroll of identify {unknown}
 j - a scroll of enchant armour {unknown}
 k - a scroll of magic mapping {unknown}
 q - a scroll of vulnerability {unknown}
Potions
 b - 2 potions of magic
 d - a potion of degeneration {unknown}
 e - a potion of berserk rage {unknown}
 l - a potion of curing {unknown}
 m - a potion of attraction {unknown}


   Skills:
 + Level 0.4 Fighting
 * Level 0.4 Polearms
 + Level 3.4 Dodging
 + Level 2.3 Stealth
 + Level 2.7 Spellcasting
 + Level 5.1 Summonings


You had 7 spell levels left.
You knew the following spells:

 Your Spells              Type           Power      Damage    Failure   Level
a - Summon Small Mammal   Summ           72%        N/A       2%          1

Your spell library contained the following spells:

 Spells                   Type           Power      Damage    Failure   Level
 Call Imp                 Summ           36%        N/A       3%          2
 Call Canine Familiar     Summ           18%        N/A       7%          3
 Summon Guardian Golem    Hex/Summ       10%        N/A       21%         3
 Summon Lightning Spire   Summ/Air       10%        N/A       56%         4


Dungeon Overview and Level Annotations

Branches:
Dungeon (3/15)

Altars:
Ashenzari
Xom

Annotations:
D:2 Sigmund


Innate Abilities, Weirdness & Mutations

((You are very nimble when in or above water. (Stealth+, EV+, Speed+++)))
Your lower body shifts to a powerful aquatic tail in water.


Message History

Casting: Summon Small Mammal (safe; 2% risk of failure)
Confirm with . or Enter, or press ? or * to list all spells.
Your bat hits the ogre but does no damage.
You swap places.
Found a black potion.
Your bat hits the ogre.
Your bat closely misses the ogre.
Your bat completely misses the ogre.
The ogre hits your quokka with a +0 giant club!!
Your quokka dies!
Your quokka's corpse disappears in a puff of smoke!
Casting: Summon Small Mammal (safe; 2% risk of failure)
Confirm with . or Enter, or press ? or * to list all spells.
Your bat hits the ogre.
You swap places.
Your bat barely misses the ogre.
Your bat hits the ogre. The ogre barely misses your rat.
Your rat bites the ogre but does no damage.
You reach to attack!
You hit the ogre.
The ogre is moderately wounded.
Your bat hits the ogre but does no damage.
The ogre hits your rat with a +0 giant club!!
Your rat dies!
Your rat's corpse disappears in a puff of smoke!
Casting: Summon Small Mammal (safe; 2% risk of failure)
Confirm with . or Enter, or press ? or * to list all spells.
Your bat barely misses the ogre. x2
You reach to attack!
You completely miss the ogre.
The ogre is moderately wounded.
Your bat hits the ogre but does no damage.
Your rat bites the ogre.
The ogre hits you with a +0 giant club!!
Ouch! That really hurt!
* * * LOW HITPOINT WARNING * * *
Okay, then.
Found a tapered lead wand.
Your rat bites the ogre.
The ogre attacks as you move away! The ogre barely misses you.
Your bat hits the ogre.
Casting: Summon Small Mammal (safe; 2% risk of failure)
Confirm with . or Enter, or press ? or * to list all spells.
Your bat disappears in a puff of smoke!
The ogre hits you with a +0 giant club!!
Ouch! That really hurt!
You die...

#### #... ##.##
##..## #...#.
#.###' #.#..#
..!############
#.#..#
./..>..@O.....#
#.'..'
###.##.##.###.#
#.#..#
#.r.(r§...#
#.#..#
#..##.###.#
#.'##'
#..##.....#
#.#..#
#..#..#.#.#
#.#..# .
#..#......#
#.'..'
....#.....#.#.#
###..#
#.............#
#..#


You could see an ogre (ally target) and a friendly quokka (summoned).

Vanquished Creatures
  2 giant cockroaches (D:1)
  2 jackals (D:1)
  A quokka (D:3)
  2 rats
7 creatures vanquished.

Vanquished Creatures (collateral kills)
  3 adders
  An orc (D:3)
  8 ball pythons
  6 endoplasms
  A giant cockroach (D:1)
  5 hobgoblins
  8 jackals
  5 kobolds (D:1)
  A quokka (D:3)
  6 bats
  4 frilled lizards
  2 rats
50 creatures vanquished.

Grand Total: 57 creatures vanquished

Notes
Turn   | Place    | Note
-------+----------+-------------------------------------------
     0 | D:1      | kingsuperguy the Merfolk Summoner began the quest for the
                  | Orb.
     0 | D:1      | Reached XP level 1. HP: 13/13 MP: 3/3
   122 | D:1      | Reached XP level 2. HP: 14/19 MP: 0/5
   492 | D:1      | Found a faded altar of an unknown god.
   668 | D:1      | Reached XP level 3. HP: 24/24 MP: 4/6
   979 | D:2      | Noticed Sigmund
  1537 | D:3      | Reached XP level 4. HP: 30/30 MP: 5/7
  1538 | D:3      | Noticed an ogre
  1580 | D:3      | Found a shimmering altar of Xom.
  1639 | D:3      | Reached skill level 5 in Summonings
  1905 | D:3      | Found a broken altar of Ashenzari.
  2311 | D:3      | Demolished by an ogre

Illustrated notes

Levels and vault maps discovered:
D:1:      sevenhm_arrival_forest_fort_small_4, layout_rooms, serial_glass,
          glass_columns_a, glass_columns_b, ebering_ecumenical_altar_abandoned
D:2:      cheibrodos_greedy_goblins, layout_rooms, uniq_sigmund, uniq_jessica
D:3:      minmay_octagon_keep, layout_loops_corners,
          mainiacjoe_overflow_24_doors, ashenzari_altar_1,
          serial_co_window_serial, co_window_paths_b, co_window_corner_a,
          co_window_corner_a, co_window_paths_b, co_window_paths_a,
          co_window_of_opportunity_a, co_window_paths_a,
          co_window_unsneaky_path_c, co_window_broadway_c, co_window_corner_cb,
          co_window_2corner, co_window_corner_b, co_window_unsneaky_path_a,
          glass_columns_a, glass_columns_a, corexii_item_surrounded_by_moat

Skill      XL: |  1  2  3  4 |
---------------+-------------+-----
Dodging        | 3 |  3.4
Summonings     | 5 |  5.1
Fighting       | |  0.4
Polearms       | |  0.4
Stealth        | |  2.3
Spellcasting   | |  2.7

Action                     |  1- 3 |  4- 6 || total
---------------------------+-------+-------++-------
  Melee: Unarmed           |   155 |    16 ||   171
         Punch             |     2 |     1 ||     3
         Spear             |       |    11 ||    11
   Cast: Summon Small Mamm |    74 |    30 ||   104
   Stab: Distracted        |     1 |       ||     1
         Sleeping          |       |     1 ||     1
 Armour: Robe              |   140 |     9 ||   149
  Dodge: Dodged            |   296 |    29 ||   325
